[Event "Titled Tuesday Blitz December 20 Late 2022"]
[White "Kleiman, Jake"]
[Black "Fiorito, Francisco"]
[WhiteFideId "2020041"]
[BlackFideId "180165"]
[WhiteElo "2663"]
[BlackElo "2348"]
[Result "0-1"]
[Round "09"]
[TimeControl "180+1"]
[Date "2022.12.20"]
[WhiteClock "0:00:07"]
[BlackClock "0:00:04"]

1. e4 c5 2. c3 Nf6 3. e5 Nd5 4. Bc4 Nb6 5. Bb3 d5 6. exd6 Qxd6 7. Nf3 Nc6 8. O-O g6 9. d4 cxd4 10. cxd4 Bg7 11. Nc3 O-O 12. d5 Na5 13. Ne4 Qd8 14. d6 Nxb3 15. axb3 exd6 16. Nxd6 Be6 17. Bg5 Qd7 18. Ne4 Qxd1 19. Rfxd1 Bxb3 20. Rd2 Nc4 21. Rd7 Bxb2 22. Re1 Rfe8 23. Rxb7 Bc2 24. Nf6+ Bxf6 25. Bxf6 Be4 26. Rc7 Bxf3 27. Rxe8+ Rxe8 28. gxf3 Nd2 29. Rxa7 Nxf3+ 30. Kg2 Ne1+ 31. Kg3 Nd3 32. Rc7 h6 33. h4 Nb4 34. Rd7 Nc6 35. f4 Nb4 36. Kg4 Nc2 37. Be5 Ne3+ 38. Kh3 h5 39. Ra7 Ng4 40. Ba1 Kf8 41. Kg3 Re3+ 42. Kg2 Re2+ 43. Kg3 Re8 44. Bd4 Nh6 45. Bc5+ Kg7 46. Bd4+ Kg8 47. Be5 Ng4 48. Kh3 Nxe5 49. fxe5 Rxe5 50. Ra3 Kg7 51. Rf3 f5 52. Kg3 Kf6 53. Ra3 Re6 54. Rb3 g5 55. hxg5+ Kxg5 56. Rc3 Rd6 57. Rf3 Rd4 58. Ra3 Rg4+ 59. Kh3 h4 60. Rb3 Re4 61. Ra3 Re5 62. Rb3 f4 63. Rb8 Re3+ 64. Kh2 Kg4 65. Rg8+ Kf3 66. Rf8 Re4 67. Kh3 Kf2 68. Kxh4 f3+ 69. Kh3 Re7 70. Kg4 Rg7+ 71. Kf4 Kg2 72. Ke3 Re7+ 73. Kd2 f2 74. Rg8+ Kf1 75. Rg5 Rd7+ 76. Ke3 Ke1 77. Ra5 f1=Q 78. Ra1+ Rd1 79. Ra2 Qg1+ 80. Kf3 Qf1+ 81. Ke3 Rd3+ 82. Ke4 Qf3+ 0-1


[Site "https://www.chess.com"]

[Event "Titled Tuesday Blitz December 20 Late 2022"]
[White "Kleinman, Michael"]
[Black "Bjelobrk, Igor"]
[WhiteFideId "2609479"]
[BlackFideId "4300726"]
[WhiteElo "2455"]
[BlackElo "2678"]
[Result "1-0"]
[Round "09"]
[TimeControl "180+1"]
[Date "2022.12.21"]
[WhiteClock "0:00:05"]
[BlackClock "0:00:01"]

1. e4 c5 2. Nf3 e6 3. d4 cxd4 4. Nxd4 Nf6 5. Bd3 Nc6 6. Nxc6 bxc6 7. O-O d5 8. Nc3 Be7 9. Qe2 O-O 10. b3 Nd7 11. Bb2 Nc5 12. Rad1 Nxd3 13. cxd3 Re8 14. Na4 Bf8 15. Qe3 e5 16. Rc1 Re6 17. Nc5 Re8 18. Na4 Qd6 19. Rc2 d4 20. Qg3 Re7 21. Nc5 Qg6 22. f4 Qxg3 23. hxg3 f6 24. f5 Rc7 25. Kf2 a5 26. Rfc1 Be7 27. Na4 Ra6 28. g4 Kf7 29. Ke2 Bd6 30. Rh1 h6 31. Rhc1 Ke7 32. Nc5 Raa7 33. Na4 Bd7 34. Ba1 Be8 35. Bb2 Rab7 36. Ba1 Bf7 37. Bb2 Kd7 38. Ba1 Rb5 39. Nc5+ Bxc5 40. Rxc5 a4 41. bxa4 Rxc5 42. Rxc5 Bxa2 43. a5 Bb3 44. Bb2 Ba4 45. Ba3 Rb7 46. Rc1 Rb3 47. Bf8 Bb5 48. Rd1 c5 49. Bxg7 c4 50. dxc4 Bxc4+ 51. Kf2 Ke7 52. Bxh6 Ra3 53. Bd2 Kf7 54. Rc1 Bd3 55. Rc7+ Ke8 56. Bb4 Ra2+ 57. Kg3 Bxe4 58. Kh4 d3 59. Kh5 1-0


[Site "https://www.chess.com"]

[Event "Titled Tuesday Blitz December 20 Late 2022"]
[White "Koutlas, Nikolaos"]
[Black "Carbone, Diego"]
[WhiteFideId "25827138"]
[BlackFideId "3002179"]
[WhiteElo "2167"]
[BlackElo "2266"]
[Result "1-0"]
[Round "09"]
[TimeControl "180+1"]
[Date "2022.12.21"]
[WhiteClock "0:00:03"]
[BlackClock "0:00:06"]

1. g3 d5 2. Bg2 c6 3. d3 Nf6 4. a4 a5 5. Nf3 Bg4 6. O-O Bxf3 7. Bxf3 e6 8. e4 Nbd7 9. Re1 Bd6 10. Nc3 O-O 11. Bg2 Qc7 12. h4 h6 13. Be3 Rad8 14. Qd2 Bb4 15. exd5 exd5 16. Bf4 Bd6 17. Be3 Rfe8 18. Ne2 c5 19. c3 b6 20. Nf4 d4 21. cxd4 cxd4 22. Bxd4 Bxf4 23. Qxf4 Qxf4 24. gxf4 Rxe1+ 25. Rxe1 Nc5 26. Bxc5 bxc5 27. Rc1 Rxd3 28. Rxc5 Rb3 29. Rb5 Rd3 30. Rxa5 Rd4 31. Ra8+ Kh7 32. a5 Ng4 33. Rb8 Rxf4 34. a6 Ra4 35. Bb7 f5 36. Rc8 Ne5 37. Rc3 f4 38. Ra3 Rb4 39. a7 Rxb7 40. a8=Q Rb4 41. Qf8 Ng6 42. Qxb4 1-0


[Site "https://www.chess.com"]

[Event "Titled Tuesday Blitz December 20 Late 2022"]
[White "Lazavik, Denis"]
[Black "Martinez Reyes, Pedro Ramon"]
[WhiteFideId "13515110"]
[BlackFideId "3901807"]
[WhiteElo "2484"]
[BlackElo "2354"]
[Result "1-0"]
[Round "09"]
[TimeControl "180+1"]
[Date "2022.12.20"]
[WhiteClock "0:00:34"]
[BlackClock "0:00:02"]

1. d4 d5 2. c4 dxc4 3. Nf3 Nf6 4. e3 e6 5. Bxc4 c5 6. O-O Nc6 7. Nc3 cxd4 8. exd4 Be7 9. Re1 O-O 10. a3 Qa5 11. Bg5 h6 12. Bh4 Qh5 13. Qe2 Rd8 14. Rad1 Nd5 15. Bxd5 Bxh4 16. Bxc6 bxc6 17. Nxh4 Qxh4 18. Ne4 Rb8 19. b4 a5 20. bxa5 Ra8 21. g3 Qe7 22. Nc5 Rxa5 23. a4 Qd6 24. Qc4 e5 25. Qb4 Ra8 26. dxe5 Qxd1 27. Rxd1 Rxd1+ 28. Kg2 Bf5 29. a5 Bd3 30. h4 Bf1+ 31. Kh2 Be2 32. Qe4 Bc4 33. Qxc4 Rxa5 34. e6 Rd5 35. exf7+ Kxf7 36. Ne4 1-0


[Site "https://www.chess.com"]

[Event "Titled Tuesday Blitz December 20 Late 2022"]
[White "Li, Hui"]
[Black "Rose, Felix"]
[WhiteFideId "15400310"]
[BlackFideId "5105722"]
[WhiteElo "1954"]
[BlackElo "2039"]
[Result "1-0"]
[Round "09"]
[TimeControl "180+1"]
[Date "2022.12.21"]
[WhiteClock "0:00:23"]
[BlackClock "0:00:15"]

1. e4 c5 2. Nf3 g6 3. d4 cxd4 4. Nxd4 Nc6 5. Nc3 Bg7 6. Be3 Nf6 7. Bc4 O-O 8. Bb3 Re8 9. h4 e6 10. Nxc6 bxc6 11. Qd6 Bf8 12. Qd2 d5 13. O-O-O Qc7 14. h5 Nxh5 15. f4 Ng3 16. Rh3 Nxe4 17. Nxe4 dxe4 18. Rdh1 h6 19. f5 exf5 20. Bxh6 f4 21. Bxf4 e3 22. Rh8+ Kg7 23. Qc3+ 1-0


[Site "https://www.chess.com"]

[Event "Titled Tuesday Blitz December 20 Late 2022"]
[White "Liu, Kelsey"]
[Black "Aghasiyev, Kamal"]
[WhiteFideId "30944481"]
[BlackFideId "13402854"]
[WhiteElo "2297"]
[BlackElo "2341"]
[Result "1/2-1/2"]
[Round "09"]
[TimeControl "180+1"]
[Date "2022.12.21"]
[WhiteClock "0:00:17"]
[BlackClock "0:00:08"]

1. e4 c5 2. Nf3 e6 3. d4 cxd4 4. Nxd4 a6 5. Bd3 Ne7 6. O-O Nbc6 7. Nxc6 Nxc6 8. Be3 d5 9. exd5 exd5 10. Re1 Be7 11. Nd2 O-O 12. Nf3 Bg4 13. h3 Bh5 14. c3 Bd6 15. Be2 Bc7 16. Nd4 Bg6 17. Bf3 Qd6 18. g3 Qf6 19. Bg2 Rad8 20. h4 h6 21. Qe2 Be4 22. Nxc6 Qxc6 23. Bxe4 dxe4 24. Qg4 f5 25. Qe2 f4 26. Bd4 fxg3 27. fxg3 Bxg3 28. Qg4 Rxd4 29. cxd4 Bf2+ 30. Kh2 Qc7+ 31. Kg2 Rf4 32. Qe6+ Kh7 33. Rxe4 Bxh4 34. Rxf4 Qxf4 35. Rf1 Qxd4 36. Qf5+ Kg8 37. Qf8+ Kh7 38. Qf5+ Kg8 39. Qf8+ Kh7 40. Qf5+ 1/2-1/2


[Site "https://www.chess.com"]

[Event "Titled Tuesday Blitz December 20 Late 2022"]
[White "Lopez Idarraga, Daniel Eduardo"]
[Black "Ardila, Oscar Humberto"]
[WhiteFideId "4405501"]
[BlackFideId "4404742"]
[WhiteElo "2064"]
[BlackElo "1961"]
[Result "1-0"]
[Round "09"]
[TimeControl "180+1"]
[Date "2022.12.21"]
[WhiteClock "0:00:18"]
[BlackClock "0:00:03"]

1. b3 Nf6 2. Bb2 e6 3. f4 Be7 4. Nf3 O-O 5. e3 d6 6. Bd3 Nbd7 7. O-O c5 8. c4 b6 9. Nc3 Bb7 10. Ng5 h6 11. Nge4 Nxe4 12. Nxe4 f5 13. Nc3 Bf6 14. Qe2 Qe7 15. e4 Bd4+ 16. Kh1 Qf6 17. Rae1 Rae8 18. exf5 exf5 19. Qxe8 Rxe8 20. Rxe8+ Kh7 21. Rfe1 Qg6 22. R8e2 Nf6 23. Nd1 Bxb2 24. Nxb2 Be4 25. Bxe4 fxe4 26. Nd1 Qf5 27. g3 Qg4 28. Nf2 Qf3+ 29. Kg1 d5 30. cxd5 Nxd5 31. Rxe4 Nf6 32. Re7 Qd5 33. Rxa7 Qxd2 34. Ree7 Nh5 35. f5 Qc1+ 36. Kg2 Qb2 37. g4 Nf4+ 38. Kf3 Nd5 39. Rxg7+ Kh8 40. Rgd7 Qc3+ 41. Kg2 Nf4+ 42. Kf1 Qc1+ 43. Rd1 Qc2 44. Rd8# 1-0


[Site "https://www.chess.com"]

[Event "Titled Tuesday Blitz December 20 Late 2022"]
[White "Maksimovic, Bojan"]
[Black "Kamsky, Gata"]
[WhiteFideId "14408120"]
[BlackFideId "2000024"]
[WhiteElo "2462"]
[BlackElo "2666"]
[Result "0-1"]
[Round "09"]
[TimeControl "180+1"]
[Date "2022.12.20"]
[WhiteClock "0:00:06"]
[BlackClock "0:00:21"]

1. Nf3 Nf6 2. g3 g6 3. Bg2 Bg7 4. O-O O-O 5. d3 d6 6. c3 c5 7. Qc2 Nc6 8. Nbd2 Qc7 9. a3 b6 10. b3 Bb7 11. Rb1 Rac8 12. Bb2 d5 13. Rfe1 e5 14. e4 d4 15. c4 a5 16. Bc1 Ne8 17. Nf1 Nd6 18. Bd2 h6 19. h4 Rce8 20. N1h2 f5 21. exf5 gxf5 22. Kh1 e4 23. Ng1 Ne5 24. dxe4 fxe4 25. Bf4 Nd3 26. Nh3 Nxe1 27. Rxe1 Qd7 28. h5 Nf5 29. Kg1 e3 30. Bxb7 Qxb7 31. fxe3 Nxe3 32. Bxe3 Rxe3 33. Rxe3 dxe3 34. Nf4 Re8 35. Qe2 Qe4 36. Nf3 Rd8 37. Ng2 Rd3 38. Qc2 e2 39. Nge1 Re3 40. Qxe4 Rxe4 41. Kf2 Bc3 42. Nc2 Kf7 43. a4 Kf6 44. g4 e1=Q+ 45. Ncxe1 Bxe1+ 46. Nxe1 Rxg4 47. Nc2 Rh4 48. Ne3 Rxh5 49. Kg3 Rh1 50. Nd5+ Ke5 51. Nxb6 Rb1 0-1


[Site "https://www.chess.com"]

[Event "Titled Tuesday Blitz December 20 Late 2022"]
[White "Marchesich, Giovanni"]
[Black "Thiel, Thomas"]
[WhiteFideId "2824790"]
[BlackFideId "4615964"]
[WhiteElo "2200"]
[BlackElo "2238"]
[Result "1-0"]
[Round "09"]
[TimeControl "180+1"]
[Date "2022.12.21"]
[WhiteClock "0:00:03"]
[BlackClock "0:00:27"]

1. e4 d5 2. exd5 Nf6 3. Bb5+ Nbd7 4. Nf3 Nxd5 5. O-O c6 6. Be2 g6 7. d4 Bg7 8. c4 Nc7 9. Nc3 O-O 10. Be3 Nf6 11. h3 Bf5 12. Qd2 Ne4 13. Nxe4 Bxe4 14. Ne5 c5 15. Bf3 cxd4 16. Qxd4 Qxd4 17. Bxd4 Ne6 18. Bxe4 Nxd4 19. Nd3 Rab8 20. Rfd1 Rfd8 21. Nc5 b6 22. Na6 Rbc8 23. Bd3 Nc6 24. Rab1 Ne5 25. Be2 Rxd1+ 26. Rxd1 Nxc4 27. Rc1 Nd6 28. Rxc8+ Nxc8 29. b3 Kf8 30. Kf1 Ke8 31. Ke1 Kd8 32. Kd2 Nd6 33. Kd3 e5 34. f3 f5 35. Nb4 Kd7 36. Nd5 Ke6 37. Nc7+ Kf6 38. Nd5+ Kg5 39. Ke3 Bf8 40. Kf2 e4 41. f4+ Kh6 42. g4 Kg7 43. Ne3 Kf7 44. gxf5 gxf5 45. Nc4 Bg7 46. Nxd6+ 1-0


[Site "https://www.chess.com"]

[Event "Titled Tuesday Blitz December 20 Late 2022"]
[White "Mekhitarian, Krikor Sevag"]
[Black "Alex_Sahakyan2006"]
[WhiteFideId "2107660"]
[WhiteElo "2810"]
[BlackElo "2629"]
[Result "1-0"]
[Round "09"]
[TimeControl "180+1"]
[Date "2022.12.21"]
[WhiteClock "0:00:03"]
[BlackClock "0:00:07"]

1. Nf3 g6 2. c4 Bg7 3. e4 d6 4. d4 Nf6 5. Nc3 O-O 6. h3 e5 7. d5 a5 8. Be3 Na6 9. g4 Nc5 10. Nd2 h5 11. Rg1 hxg4 12. hxg4 Nh7 13. g5 f5 14. gxf6 Qxf6 15. Qe2 b6 16. O-O-O Ba6 17. Kb1 Rf7 18. Qg4 Nf8 19. Be2 Bc8 20. Qg3 Bd7 21. Rh1 a4 22. Rdg1 Re8 23. Qh2 c6 24. Rg2 Qd8 25. Bg5 Qa8 26. Rhg1 b5 27. cxb5 cxd5 28. Nxd5 Nxe4 29. Nxe4 Qxd5 30. Nc3 Qc5 31. Be3 Qb4 32. a3 Qb3 33. Bd1 Bf5+ 34. Ka1 Qc4 35. Be2 Qb3 36. Bd1 Qe6 37. Bh6 d5 38. Bxg7 Rxg7 39. Nxa4 Rc8 40. Bb3 Nd7 41. Rd1 Nf6 42. Rg3 Be4 43. Nc3 Rh7 44. Qg1 Rg7 45. Qf1 Rxc3 46. Rxc3 Qf5 47. f3 Rf7 48. fxe4 Qxf1 49. Rxf1 Nxe4 50. Rxf7 1-0


[Site "https://www.chess.com"]

[Event "Titled Tuesday Blitz December 20 Late 2022"]
[White "Migot, Tangi"]
[Black "Peatman, Carter"]
[WhiteFideId "662445"]
[BlackFideId "2096480"]
[WhiteElo "2550"]
[BlackElo "2419"]
[Result "1-0"]
[Round "09"]
[TimeControl "180+1"]
[Date "2022.12.21"]
[WhiteClock "0:01:06"]
[BlackClock "0:00:10"]

1. f4 d5 2. g3 g6 3. Bg2 Bg7 4. Nf3 c5 5. O-O Nc6 6. d3 Nf6 7. c3 O-O 8. Na3 a6 9. Nc2 Re8 10. a3 h6 11. b4 cxb4 12. axb4 e5 13. Nxe5 Nxe5 14. fxe5 Rxe5 15. Bf4 Re8 16. Qd2 Kh7 17. Rae1 Be6 18. Nd4 Rc8 19. h4 Qb6 20. Kh1 Nh5 21. Nxe6 Bxc3 22. Qe3 Qxe3 23. Bxe3 Nxg3+ 24. Kg1 Bxe1 25. Rxf7+ Kg8 26. Rg7+ Kh8 27. Rxg6 Nf5 28. Bf4 Rg8 29. Rf6 Rg4 30. Rxf5 Rcg8 31. Be5+ Kh7 32. Nf8+ Rxf8 33. Rxf8 Bxh4 34. Kh2 Be7 35. Rf7+ Kg6 36. Rxe7 Rh4+ 37. Kg3 1-0


[Site "https://www.chess.com"]

[Event "Titled Tuesday Blitz December 20 Late 2022"]
[White "Mikhailov, Viacheslav"]
[Black "Kazakouski, Valery"]
[WhiteFideId "4187369"]
[BlackFideId "13507443"]
[WhiteElo "2381"]
[BlackElo "2516"]
[Result "0-1"]
[Round "09"]
[TimeControl "180+1"]
[Date "2022.12.20"]
[WhiteClock "0:00:02"]
[BlackClock "0:00:42"]

1. Nf3 d5 2. g3 Nd7 3. d4 Nb6 4. Bg2 Bf5 5. O-O Nf6 6. b3 e6 7. c4 h6 8. Ne5 c6 9. Nc3 Be7 10. Bb2 O-O 11. Rc1 a5 12. c5 Nbd7 13. Nxd7 Nxd7 14. a3 b5 15. b4 Nf6 16. Re1 Ne4 17. f3 axb4 18. axb4 Nxc3 19. Bxc3 Ra3 20. Qd2 Qd7 21. Ra1 Rfa8 22. Rxa3 Rxa3 23. Ra1 Rxa1+ 24. Bxa1 Qa7 25. Bc3 Qa4 26. Kf2 Bg5 27. f4 Bf6 28. h3 h5 29. Qb2 Qd1 30. Qa1 Qb3 31. Qb2 Qc4 32. Bf1 Be4 33. Qd2 g6 34. Qb2 Kg7 35. Qd2 Qb3 36. Qb2 Qd1 37. Qd2 Qxd2 38. Bxd2 Bxd4+ 39. e3 Bb2 40. g4 hxg4 41. hxg4 f6 42. Be2 g5 43. fxg5 fxg5 44. Kf1 Kf6 45. Kf2 e5 46. Bf1 d4 47. exd4 Bxd4+ 48. Ke2 Bd5 49. Ke1 e4 50. Be2 e3 51. Bc1 Ke5 52. Kf1 Kf4 53. Ke1 Bc3+ 54. Kd1 Bb3# 0-1


[Site "https://www.chess.com"]

[Event "Titled Tuesday Blitz December 20 Late 2022"]
[White "Moreno Perez, Tobias Sebastian"]
[Black "Ansh M Shah"]
[WhiteFideId "186716"]
[BlackFideId "25033379"]
[WhiteElo "2259"]
[BlackElo "2084"]
[Result "0-1"]
[Round "09"]
[TimeControl "180+1"]
[Date "2022.12.21"]
[WhiteClock "0:00:10"]
[BlackClock "0:00:18"]

1. Nf3 Nf6 2. b3 e6 3. Bb2 d5 4. g3 Be7 5. Bg2 O-O 6. O-O b6 7. d3 Bb7 8. Nbd2 Nbd7 9. e4 c5 10. e5 Ne8 11. h4 d4 12. Re1 Qc7 13. a4 a6 14. Nc4 b5 15. axb5 axb5 16. Rxa8 Bxa8 17. Ncd2 Nb6 18. b4 cxb4 19. Bxd4 Bc5 20. Nb3 Bxd4 21. Nbxd4 Qd7 22. Qd2 Nd5 23. Ng5 h6 24. Ne4 Nec7 25. Nb3 Nc3 26. Nxc3 bxc3 27. Qxc3 Bxg2 28. Kxg2 Nd5 29. Qd4 Qb7 30. Kg1 Rc8 31. Re2 Nc3 32. Rd2 Nb1 33. Rd1 Na3 34. c3 Nc2 35. Qd6 Rxc3 36. Nc5 Qd5 37. Qb8+ Kh7 38. Ne4 Rxd3 39. Rxd3 Qxd3 40. Nd6 Qd1+ 41. Kh2 Qf3 42. Qxb5 Qxf2+ 43. Kh3 Ne3 44. Qd3+ g6 45. Ne4 Qg2# 0-1


[Site "https://www.chess.com"]

[Event "Titled Tuesday Blitz December 20 Late 2022"]
[White "Muhammad, Shahzeb"]
[Black "monkins"]
[WhiteFideId "7804806"]
[WhiteElo "2392"]
[BlackElo "2241"]
[Result "1-0"]
[Round "09"]
[TimeControl "180+1"]
[Date "2022.12.21"]
[WhiteClock "0:00:13"]
[BlackClock "0:00:01"]

1. e4 c6 2. d4 d5 3. exd5 cxd5 4. c4 Nf6 5. Nc3 g6 6. Nf3 Bg7 7. Qb3 dxc4 8. Bxc4 O-O 9. O-O Nc6 10. d5 Na5 11. Qb4 Nxc4 12. Qxc4 Bg4 13. Ne5 Bf5 14. Bg5 h6 15. Bh4 g5 16. Bg3 Rc8 17. Qb3 Nh5 18. Rfe1 Nxg3 19. hxg3 Qb6 20. Qxb6 axb6 21. g4 Bh7 22. Nd7 Rfe8 23. Nxb6 Rxc3 24. bxc3 Bxc3 25. Rac1 Bxe1 26. Rxe1 f5 27. gxf5 Bxf5 28. Re5 Bb1 29. a4 Kf7 30. Re6 h5 31. f3 Rd8 32. Kf2 Rd6 33. Rxd6 exd6 34. Nc4 Ba2 35. Nxd6+ Ke7 36. Nf5+ Kf6 37. Ne3 Ke5 38. Nd1 Bxd5 39. a5 Kd4 40. Ne3 Be6 41. Ke2 Kc5 42. Nc2 Bf5 43. Ne3 Bd7 44. Kd3 Kb5 45. Nc4 Be6 46. Nd6+ Kc6 47. Ne4 Bf5 48. Kd4 g4 49. Nf6 gxf3 50. gxf3 h4 51. Nh5 Kb5 52. Ke5 1-0


[Site "https://www.chess.com"]

[Event "Titled Tuesday Blitz December 20 Late 2022"]
[White "Musovic, Armin"]
[Black "Lacasa Diaz, Jose Antonio"]
[WhiteFideId "939935"]
[BlackFideId "2203375"]
[WhiteElo "2589"]
[BlackElo "2413"]
[Result "1/2-1/2"]
[Round "09"]
[TimeControl "180+1"]
[Date "2022.12.21"]
[WhiteClock "0:00:13"]
[BlackClock "0:00:15"]

1. a3 Nf6 2. Nc3 d5 3. d3 e6 4. Bg5 Be7 5. Nf3 O-O 6. e4 c5 7. Be2 h6 8. Bh4 Nc6 9. O-O b6 10. Re1 Bb7 11. Bf1 dxe4 12. dxe4 Qxd1 13. Raxd1 Rfd8 14. h3 a6 15. Bg3 Rxd1 16. Rxd1 Rd8 17. Rc1 Rd7 18. Ne5 Nxe5 19. Bxe5 Nxe4 20. Nxe4 Bxe4 21. Bxa6 Bg5 22. f4 Bd8 23. Bc3 Bc7 24. g3 Bf5 25. Kg2 Be4+ 26. Kf2 h5 27. Be2 h4 28. Rd1 Rxd1 29. Bxd1 hxg3+ 30. Kxg3 g5 31. Be5 gxf4+ 32. Kxf4 Bxe5+ 33. Kxe5 Bg2 34. h4 Kg7 35. b4 cxb4 36. axb4 Bd5 37. Be2 f6+ 38. Kd6 Be4 39. c4 e5 40. Kc7 f5 41. Kxb6 f4 42. c5 f3 43. Bf1 Bf5 44. c6 e4 45. c7 e3 46. Bd3 Bc8 47. Ka7 e2 48. Kb8 e1=Q 49. Kxc8 Qxb4 50. Ba6 Qb6 51. Bb7 f2 52. Bg2 Qa6+ 53. Kb8 Qb6+ 54. Kc8 Qe6+ 55. Kb8 Qb6+ 56. Kc8 1/2-1/2


[Site "https://www.chess.com"]

[Event "Titled Tuesday Blitz December 20 Late 2022"]
[White "Nakamura, Hikaru"]
[Black "Bortnyk, Olexandr"]
[WhiteFideId "2016192"]
[BlackFideId "14120828"]
[WhiteElo "2909"]
[BlackElo "2723"]
[Result "1-0"]
[Round "09"]
[TimeControl "180+1"]
[Date "2022.12.20"]
[WhiteClock "0:00:09"]
[BlackClock "0:00:01"]

1. c4 d6 2. d4 e5 3. e3 g6 4. Nc3 Bg7 5. dxe5 dxe5 6. Qxd8+ Kxd8 7. b3 Ne7 8. Ba3 Bd7 9. O-O-O Nbc6 10. Nf3 Ke8 11. Be2 a6 12. Rd2 h6 13. Rhd1 Be6 14. Nd5 Rc8 15. Bxe7 Bxd5 16. cxd5 Nxe7 17. e4 f5 18. Bd3 Kf7 19. Kb1 Rhd8 20. Re2 fxe4 21. Bxe4 b5 22. Ne1 Rd6 23. Red2 Rcd8 24. Nd3 h5 25. Nc5 Rb8 26. b4 Nf5 27. Nb3 Nd4 28. Rd3 Nxb3 29. Rxb3 c6 30. Rc3 Rbd8 31. Rc5 cxd5 32. Bxd5+ Kf6 33. f3 Bh6 34. Rd3 R8d7 35. Kc2 Bf8 36. Rc8 Be7 37. Be4 Rxd3 38. Bxd3 Bxb4 39. Rg8 Rg7 40. Ra8 Rc7+ 41. Kd1 Rc6 42. Ke2 Rd6 43. Rg8 Kf7 44. Rc8 Kf6 45. h4 Kf7 46. Rc7+ Kf6 47. g4 hxg4 48. fxg4 Ba5 49. g5+ Ke6 50. Rg7 Kd5 51. Rxg6 Rxg6 52. Bxg6 Ke6 53. Be4 Bd8 54. Kf3 a5 55. Kg4 a4 56. h5 b4 57. h6 Kf7 58. g6+ Kg8 59. Bd5+ 1-0


[Site "https://www.chess.com"]

[Event "Titled Tuesday Blitz December 20 Late 2022"]
[White "Nasir, Zehn"]
[Black "Olsen, Filip Boe"]
[WhiteFideId "2613239"]
[BlackFideId "1440640"]
[WhiteElo "1993"]
[BlackElo "2333"]
[Result "0-1"]
[Round "09"]
[TimeControl "180+1"]
[Date "2022.12.20"]
[WhiteClock "0:00:17"]
[BlackClock "0:00:20"]

1. d4 Nf6 2. Bf4 d5 3. e3 c5 4. c3 Nc6 5. Nd2 cxd4 6. exd4 Bf5 7. Qb3 Qb6 8. Qxb6 axb6 9. Ngf3 e6 10. Nh4 Bg6 11. Nxg6 hxg6 12. Bc7 Nd7 13. Bd3 Be7 14. O-O O-O 15. g3 g5 16. g4 Rfc8 17. Bg3 Nf6 18. h3 Na5 19. Nf3 Nd7 20. Bb5 Nf8 21. Ne5 Nc6 22. Rfe1 f6 23. Nf3 Kf7 24. a3 Ng6 25. Re2 Rd8 26. Rae1 Nf8 27. Bc7 Rdc8 28. Bxb6 Bd6 29. Kg2 Ng6 30. Kf1 Nf4 31. Re3 Rh8 32. Ng1 Rhc8 33. Ne2 Ng6 34. Ng3 Re8 35. Nh5 Bf4 36. R3e2 Bd6 37. Bd3 Nf4 38. Nxf4 gxf4 39. f3 g5 40. Kg2 Re7 41. Rh1 Rh8 42. Bc5 Bxc5 43. dxc5 Ne5 44. Bb5 Rc7 45. b4 Rb8 46. h4 gxh4 47. Rxh4 Kg6 48. Rh1 b6 49. cxb6 Rxb6 50. Rc2 Rxb5 51. Rh8 Nc4 52. a4 Ne3+ 53. Kf2 Nxc2 54. axb5 Rxc3 55. b6 Nxb4 56. b7 Nc6 57. Rc8 Rb3 58. Rxc6 Rxb7 59. Rxe6 Rb2+ 60. Kf1 Kg5 61. Rd6 Kh4 62. Rxd5 Kg3 63. Rd3 Rf2+ 64. Ke1 Rxf3 65. Rd6 Ra3 66. Rxf6 f3 67. g5 Ra1+ 68. Kd2 Kg2 69. g6 f2 70. g7 Ra8 71. Ke2 Re8+ 72. Kd3 f1=Q+ 73. Rxf1 Kxf1 74. Kd4 Rg8 75. Ke5 Rxg7 76. Kf6 Rg2 77. Kf5 Kf2 78. Ke4 Rg3 79. Kf4 Re3 80. Kg4 Re8 81. Kf4 Ke2 82. Kg5 Kd3 83. Kg6 Rf8 84. Kg7 Rf1 85. Kg6 Ke4 86. Kg5 Rf2 87. Kg4 Rg2+ 88. Kh3 Rg8 89. Kh4 Kf5 90. Kh5 Rh8# 0-1


[Site "https://www.chess.com"]

[Event "Titled Tuesday Blitz December 20 Late 2022"]
[White "Pakleza, Zbigniew"]
[Black "Krishnan, Varun"]
[WhiteFideId "1119290"]
[BlackFideId "5054508"]
[WhiteElo "2410"]
[BlackElo "2615"]
[Result "1-0"]
[Round "09"]
[TimeControl "180+1"]
[Date "2022.12.20"]
[WhiteClock "0:00:24"]
[BlackClock "0:01:19"]

1. d4 Nf6 2. Nf3 e6 3. Bf4 c5 4. c3 b6 5. e3 Bb7 6. h3 Nc6 7. Nbd2 d5 8. Ne5 Bd6 9. Bb5 Bxe5 10. Bxe5 O-O 11. Bg3 a6 12. Bd3 Qe7 13. f4 Qd7 14. O-O Ne7 15. Bh4 Ne4 16. Bxe4 dxe4 17. Bxe7 Qxe7 18. Qb3 b5 19. Qa3 Rac8 20. Nb3 b4 21. cxb4 cxb4 22. Qa5 Rc2 23. Rf2 Rfc8 24. Nc5 Rxf2 25. Kxf2 Bd5 26. Qxb4 e5 27. fxe5 f6 28. exf6 Qxf6+ 29. Kg1 Rf8 30. Qd2 Bxa2 31. Nd7 Qe6 32. Nxf8 Kxf8 33. Qb4+ Kg8 34. Qb8+ Kf7 35. Rf1+ Kg6 36. Qg3+ Kh6 37. Qh4+ Kg6 38. Qg4+ Qxg4 39. hxg4 Be6 40. Ra1 Bc4 41. Kf2 Kg5 42. Kg3 g6 43. Rc1 Bb5 44. Rc5+ Kf6 45. g5+ Kf7 46. Kf4 Bd3 47. Rc7+ Ke6 48. Rxh7 Kd5 49. Rg7 Kc4 50. Rxg6 Kb3 51. Rb6+ Bb5 52. g6 Kxb2 53. g7 1-0


[Site "https://www.chess.com"]

[Event "Titled Tuesday Blitz December 20 Late 2022"]
[White "Perske, Thore"]
[Black "Mikhalsky, Vladimir"]
[WhiteFideId "12902195"]
[BlackFideId "14144352"]
[WhiteElo "2336"]
[BlackElo "2272"]
[Result "1-0"]
[Round "09"]
[TimeControl "180+1"]
[Date "2022.12.21"]
[WhiteClock "0:00:13"]
[BlackClock "0:00:15"]

1. e4 c5 2. Nf3 Nc6 3. g3 e5 4. Bg2 g6 5. O-O Bg7 6. d3 Nge7 7. Nc3 d6 8. a4 O-O 9. Nd2 f5 10. Nc4 Be6 11. Nd5 h6 12. f4 Qd7 13. c3 Bf7 14. fxe5 dxe5 15. Bxh6 Nxd5 16. Bxg7 Kxg7 17. exd5 Bxd5 18. Qe2 Bxg2 19. Kxg2 Qd5+ 20. Kg1 Rad8 21. Rae1 Rfe8 22. Qe3 b6 23. Qg5 Qxd3 24. Ne3 Rf8 25. Rd1 Qe4 26. Rde1 f4 27. Ng4 Qf5 28. Qh6+ Kg8 29. Ne3 Qh5 30. Qxh5 gxh5 31. Nc4 Rf5 32. gxf4 exf4 33. Re6 Rc8 34. Kf2 Nd8 35. Re8+ Rf8 36. Re5 Nf7 37. Rg1+ Kh7 38. Rxh5+ Nh6 39. Ne5 Rg8 40. Ng4 Rc6 41. Nxh6 Rxg1 42. Kxg1 Rxh6 43. Rxh6+ Kxh6 44. Kf2 Kg5 45. Kf3 c4 46. h3 a6 47. Kf2 Kh4 48. Kf3 Kxh3 49. Kxf4 Kg2 50. Ke4 Kf2 51. Kd4 b5 52. axb5 axb5 53. Kc5 Ke3 54. Kxb5 Kd3 55. Kb4 Kc2 56. Kxc4 Kxb2 57. Kb4 Kc2 58. c4 Kd3 59. c5 Kd4 60. Kb5 Kd5 61. Kb6 Ke6 62. c6 Ke7 63. Kb7 Kd8 64. c7+ 1-0


[Site "https://www.chess.com"]

[Event "Titled Tuesday Blitz December 20 Late 2022"]
[White "Polster, Christian"]
[Black "Jaracz, Pawel"]
[WhiteFideId "12965081"]
[BlackFideId "1102222"]
[WhiteElo "2195"]
[BlackElo "2460"]
[Result "0-1"]
[Round "09"]
[TimeControl "180+1"]
[Date "2022.12.20"]
[WhiteClock "0:00:11"]
[BlackClock "0:00:38"]

1. e4 c5 2. b3 g6 3. Bb2 Nf6 4. d3 Bg7 5. Nd2 O-O 6. g3 d5 7. exd5 Qxd5 8. Ngf3 Bg4 9. Bg2 Qe6+ 10. Qe2 Qxe2+ 11. Kxe2 Nc6 12. h3 Be6 13. a4 Rac8 14. Rae1 Nd5 15. Ng5 Bxb2 16. Nxe6 fxe6 17. Nc4 Nd4+ 18. Kf1 Bc3 19. Rc1 b6 20. h4 a6 21. Bxd5 exd5 22. Nxb6 Rcd8 23. a5 Rf3 24. Kg2 Rdf8 25. Rhf1 e6 26. Nd7 Rc8 27. Ne5 Rf5 28. f4 Ne2 29. Rcd1 Bxe5 30. fxe5 Nd4 0-1


[Site "https://www.chess.com"]

[Event "Titled Tuesday Blitz December 20 Late 2022"]
[White "Postnikov, Artem"]
[Black "Piliczewski, Bogusz"]
[WhiteFideId "34153575"]
[BlackFideId "1104144"]
[WhiteElo "2243"]
[BlackElo "1896"]
[Result "1-0"]
[Round "09"]
[TimeControl "180+1"]
[Date "2022.12.21"]
[WhiteClock "0:01:01"]
[BlackClock "0:00:24"]

1. d4 d5 2. c4 c6 3. Nf3 Nf6 4. e3 e6 5. Nc3 Nbd7 6. Qc2 Bd6 7. Bd3 O-O 8. O-O Qe7 9. e4 dxc4 10. Bxc4 e5 11. h3 exd4 12. Nxd4 Ne5 13. Bb3 c5 14. Nf5 Bxf5 15. exf5 c4 16. Ba4 a6 17. Qe2 b5 18. Bc2 Rfe8 19. Bg5 h6 20. Nd5 Qd8 21. Bxf6 gxf6 22. Qh5 Bf8 23. Rad1 Nd3 24. Nf4 Qd4 25. Nxd3 cxd3 26. Rxd3 Qxb2 27. Bb3 Re7 28. Rg3+ Bg7 29. Qxh6 Kf8 30. Qxg7+ Ke8 31. Qg8+ Kd7 32. Qxa8 1-0


[Site "https://www.chess.com"]